 Dungeon Crawl Stone Soup version 0.29.1-1-gd02db6906a (webtiles) character file.

Game seed: 8106103216045231303

12315 Godmorgon the Zephyrmancer (level 11, -7/60 HPs)
             Began as a Tengu Conjurer on Oct 12, 2022.
             Was a Priest of Vehumet.
             Mangled by a troll (10 damage)
             ... on level 10 of the Dungeon on Oct 13, 2022.
             The game lasted 01:12:00 (15137 turns).

Godmorgon the Zephyrmancer (Tengu Conjurer)        Turns: 15137, Time: 01:12:01

Health: -7/60      AC:  7    Str:  8    XL:     11   Next: 91%
Magic:  0/23       EV: 14    Int: 22    God:    Vehumet [***...]
Gold:   592        SH:  5    Dex: 13    Spells: 5/25 levels left

rFire   + . .      SeeInvis .   b - staff of fire
rCold   . . .      Faith    .   z - +0 buckler
rNeg    . . .      Spirit   .   A - +2 robe {Will+}
rPois   +          Reflect  .   (helmet restricted)
rElec   .          Harm     .   r - +0 cloak
rCorr   .          Rampage  .   x - +1 pair of gloves of the Lizard {rPois Will+}
Will    +++..                   (boots unavailable)
Stlth   ++........              e - amulet of the acrobat
HPRegen 0.20/turn               k - ring of willpower
MPRegen 0.18/turn               O - ring of wizardry

@: flying quickly and evasively, quick
A: beak, talons 3, nimble flight
a: Renounce Religion


You were on level 10 of the Dungeon.
You worshipped Vehumet.
Vehumet was most pleased with you.
You visited 2 branches of the dungeon, and saw 11 of its levels.

You collected 859 gold pieces.
You spent 267 gold pieces at shops.

Inventory:

Hand Weapons
 a - the +8 short sword "Ulel" {elec, Fly rN+ MP+9}
   (You found it on level 8 of the Dungeon)

   It occasionally discharges a powerful burst of electricity upon striking a
   foe.
   rN:        It protects you from negative energy.
   MP:        It affects your magic capacity (+9).
   Fly:       It grants you flight.
Missiles
 t - a throwing net
 N - 5 poisoned darts
Armour
 r - a +0 cloak (worn)
 x - the +1 pair of gloves of the Lizard (worn) {rPois Will+}
   (You found it on level 4 of the Dungeon)

   rPois:     It protects you from poison.
   Will:      It increases your willpower.
 z - a +0 buckler (worn)
 A - a +2 robe of willpower (worn)
Magical Staves
 b - a staff of fire (weapon)
Jewellery
 e - an amulet of the acrobat (around neck)
 k - a ring of willpower (left hand)
 O - a ring of wizardry (right hand)
Wands
 f - a wand of flame (9)
 v - a wand of polymorph (14)
 w - a wand of digging (9)
 H - a wand of paralysis (2)
 I - a wand of mindburst (11)
 R - a wand of roots (5)
Scrolls
 c - 4 scrolls of teleportation
 d - 3 scrolls of fear
 m - a scroll of fog {unknown}
 n - a scroll of brand weapon {unknown}
 q - a scroll of immolation {unknown}
 s - 2 scrolls of blinking
 u - 6 scrolls of vulnerability
 y - 2 scrolls of poison
 B - 2 scrolls of amnesia
 D - 2 scrolls of torment
 E - 2 scrolls of enchant armour {unknown}
 G - a scroll of noise {unknown}
 K - a scroll of magic mapping {unknown}
Potions
 g - 2 potions of mutation {unknown}
 h - 3 potions of attraction
 i - 2 potions of ambrosia {unknown}
 j - 6 potions of heal wounds
 l - 11 potions of curing
 o - a potion of resistance {unknown}
 p - 5 potions of brilliance
 C - 2 potions of berserk rage {unknown}
 L - 3 potions of magic
 P - 3 potions of haste
 Q - 2 potions of might {unknown}


   Skills:
 + Level 3.8 Fighting
 - Level 3.0 Short Blades
 - Level 2.1 Dodging
 - Level 2.0 Stealth
 - Level 5.0 Shields
 + Level 7.7 Spellcasting
 + Level 11.6 Conjurations
 * Level 6.3 Fire Magic
 * Level 11.8 Air Magic
 + Level 7.1 Poison Magic


You had 5 spell levels left.
You knew the following spells:

 Your Spells              Type           Power      Damage    Failure   Level
d - Magic Dart            Conj           100%       1d8       1%          1
f - Fireball              Conj/Fire      32%        3d14      1%          5
i - Inner Flame           Hex/Fire       33%        N/A       1%          3
o - Orb of Destruction    Conj           28%        9d9       8%          7
p - Poisonous Vapours     Pois/Air       100%       N/A       1%          2
s - Searing Ray           Conj           100%       2d8       1%          2

Your spell library contained the following spells:

 Spells                   Type           Power      Damage    Failure   Level
 Dazzling Flash           Conj/Hex       68%        N/A       1%          3
 Swiftness                Air            57%        N/A       1%          3
 Fulminant Prism          Conj/Hex       17%        3d11      1%          4
 Iskenderun's Mystic Bla  Conj/Tloc      34%        2d8       1%          4
 Iskenderun's Battlesphe  Conj           56%        2d11      1%          5
 Corpse Rot               Necr/Pois/Air  36%        N/A       2%          4
 Ensorcelled Hibernation  Hex/Ice        16%        N/A       6%          2
 Passwall                 Tmut/Erth      6%         N/A       6%          2
 Gell's Gravitas          Tloc           8%         N/A       12%         3
 Lesser Beckoning         Tloc           8%         N/A       12%         3
 Ozocubu's Armour         Ice            8%         N/A       12%         3
 Teleport Other           Tloc           8%         N/A       12%         3
 Metabolic Englaciation   Hex/Ice        4%         N/A       69%         5
 Conjure Ball Lightning   Conj/Air       28%        3x3d8     1%          6
 Simulacrum               Ice/Necr       4%         N/A       99%         6
 Borgnjor's Revivificati  Necr           4%         N/A       100%        8
 Necromutation            Tmut/Necr      4%         N/A       100%        8
 Death's Door             Necr           4%         N/A       100%        9


Dungeon Overview and Level Annotations

Branches:
Dungeon (10/15)            Temple (1/1) D:6            Lair (0/5) D:9
    Orc (0/2) D:9

Altars:
Ashenzari
Cheibriados
Dithmenos
Elyvilon
Fedhas
Gozag
Hepliaklqana
Kikubaaqudgha
Makhleb
Nemelex Xobeh
Okawaru
Qazlal
Ru
Sif Muna
Trog
Uskayaw
Vehumet
Wu Jian
Xom
Yredelemnul
Zin
The Shining One

Shops:
D:2 :   D:4 *   D:7 *((=


Innate Abilities, Weirdness & Mutations

You have a beak for a mouth.
You have claws for feet.
Your magical nature lets you fly swiftly and evasively.


Message History

Unknown command.
Casting: Poisonous Vapours (safe; 1% risk of failure)
Confirm with . or Enter, or press ? or * to list all spells.
Aiming: Fireball (dangerous; 1% risk of failure)
Press: ? - help, Shift-Dir - straight line, f/p - troll
Aim: a troll (extremely poisoned)
You feel a surge of power!
The fireball explodes!
The fireball engulfs the troll!
The troll is moderately wounded.
Casting: Fireball (dangerous; 1% risk of failure)
Confirm with . or Enter, or press ? or * to list all spells.
You don't have enough magic to cast this spell.
Unknown command.
Casting: Fireball (dangerous; 1% risk of failure)
Confirm with . or Enter, or press ? or * to list all spells.
Okay, then.
Casting: Fireball (dangerous; 1% risk of failure)
Confirm with . or Enter, or press ? or * to list all spells.
Aiming: Searing Ray (safe; 1% risk of failure)
Press: ? - help, Shift-Dir - straight line, f/p - troll
Aim: a troll (heavily wounded, very poisoned, 83% to hit)
The searing ray hits the troll!
The troll is severely wounded. (Press . to maintain the ray.)
The searing ray misses the troll.
The searing ray misses the troll.
You hit the troll.
The troll is severely wounded.
The troll bites you! The troll claws you. x2
You hit the troll but do no damage. You burn the troll.
You claw the troll, but do no damage.
The troll is severely wounded.
The troll bites you! The troll claws you! x2
* * * LOW HITPOINT WARNING * * *
The troll bites you.
* * * LOW HITPOINT WARNING * * *
The troll claws you!
* * * LOW HITPOINT WARNING * * *
The troll claws you!
You die...

#.................#.#
#####.............#.#
#.#############.# #.#
#.# #.# #.# #T# #.#
#.# #)#
#.#############.#
#.....T@........#
#################


You could see a troll (very poisoned).

Vanquished Creatures
  4 two-headed ogres
  Pikel (D:4)
  A komodo dragon (D:9)
  A hornet (D:8)
  Sigmund (D:4)
  A wraith (D:9)
  12 yaks
  3 wyverns
  A steam dragon (D:7)
  2 vampire mosquitoes (D:10)
  Menkaure (D:6)
  An acid dragon (D:9)
  4 water moccasins
  3 black bears
  3 orc warriors
  4 sky beasts
  6 ice beasts
  4 ogres
  A lemure (D:4)
  2 centaurs
  2 phantoms
  A kobold brigand (D:8)
  12 bullfrogs
  3 scorpions
  2 necrophages
  5 wights
  14 killer bees
  3 howler monkeys
  7 orc priests
  3 hounds
  2 jellies
  Crazy Yiuf (D:2)
  2 gnoll boudas
  An iguana (D:6)
  Jessica (D:2)
  Ijyb (D:4)
  16 orc wizards
  16 gnolls
  7 adders
  A shadow imp (D:6)
  7 white imps
  2 ufetubi (D:6)
  5 worms
  A dart slug (D:4)
  66 orcs
  5 ball pythons
  7 endoplasms
  3 giant cockroaches (D:4)
  2 goblins (D:1)
  3 hobgoblins
  12 kobolds
  5 quokkas
  6 bats
  4 frilled lizards
  4 rats (D:1)
288 creatures vanquished.

Vanquished Creatures (others)
  4 plants (D:9)
4 creatures vanquished.

Grand Total: 292 creatures vanquished

Notes
Turn   | Place    | Note
-------+----------+-------------------------------------------
     0 | D:1      | Godmorgon the Tengu Conjurer began the quest for the Orb.
     0 | D:1      | Reached XP level 1. HP: 10/10 MP: 4/4
   484 | D:1      | Reached XP level 2. HP: 15/15 MP: 4/6
   487 | D:1      | Learned a level 2 spell: Searing Ray
  1357 | D:2      | Reached XP level 3. HP: 6/19 MP: 1/8
  1638 | D:2      | Found Ubenosmo's Book Shoppe.
  1811 | D:2      | Reached XP level 4. HP: 24/24 MP: 2/10
  1914 | D:2      | Noticed Jessica
  1916 | D:2      | Killed Jessica
  2131 | D:2      | Gained mutation: Your magical nature lets you fly swiftly
                  | and evasively. [Tengu growth]
  2131 | D:2      | Reached XP level 5. HP: 24/28 MP: 2/12
  3049 | D:2      | Found a runed translucent door.
  3050 | D:2      | Noticed Crazy Yiuf
  3057 | D:2      | Killed Crazy Yiuf
  3229 | D:3      | Found a faded altar of an unknown god.
  3564 | D:3      | Found a sparkling altar of Nemelex Xobeh.
  3652 | D:3      | Reached XP level 6. HP: 32/32 MP: 9/13
  3797 | D:3      | Found a basalt altar of Yredelemnul.
  4365 | D:4      | Noticed Sigmund
  4482 | D:4      | Noticed Ijyb
  4491 | D:4      | Killed Ijyb
  4496 | D:4      | Identified the +0 chain mail of Happy Babbling {-Tele Harm
                  | Dex+6 SInv}
  4504 | D:4      | Identified the +1 pair of gloves of the Lizard {rPois
                  | Will+}
  4593 | D:2      | Bought a book of Vapours for 176 gold pieces
  4596 | D:2      | Learned a level 2 spell: Poisonous Vapours
  4807 | D:4      | Killed Sigmund
  4808 | D:4      | Reached skill level 5 in Spellcasting
  4808 | D:4      | Reached skill level 1 in Poison Magic
  4808 | D:4      | Reached XP level 7. HP: 31/36 MP: 6/15
  5076 | D:4      | Noticed Pikel
  5229 | D:4      | Found Corubasmef's Serpentskin Sales.
  5253 | D:4      | Killed Pikel
  5254 | D:4      | Reached skill level 5 in Air Magic
  5254 | D:4      | Reached XP level 8. HP: 15/41 MP: 3/17
  5614 | D:5      | Entered Level 5 of the Dungeon
  5632 | D:5      | Found a stormy altar of Qazlal.
  6284 | D:5      | Reached skill level 1 in Shields
  6387 | D:5      | Found a shimmering altar of Xom.
  6590 | D:5      | Reached XP level 9. HP: 23/45 MP: 15/18
  7354 | D:6      | Found a staircase to the Ecumenical Temple.
  7388 | Temple   | Entered the Ecumenical Temple
  7834 | D:6      | Reached skill level 5 in Poison Magic
  7837 | D:6      | Noticed Menkaure
  7840 | D:6      | Killed Menkaure
  7954 | D:6      | Found a hide-covered altar of Uskayaw.
  8808 | D:7      | Found Neacod's General Store.
  8809 | D:7      | Found Voxemme's Weapon Boutique.
  8889 | D:7      | Found Tun Lac's Antique Weapon Emporium.
  8890 | D:7      | Found Ceacrag's Jewellery Shoppe.
  8921 | D:7      | Bought a potion of brilliance for 52 gold pieces
  8921 | D:7      | Bought a potion of attraction for 39 gold pieces
  8971 | D:7      | Reached skill level 10 in Conjurations
  9275 | D:7      | Reached XP level 10. HP: 50/50 MP: 10/20
  9437 | D:7      | Found a blossoming altar of Fedhas.
  9440 | D:7      | Found a glowing silver altar of Zin.
  9703 | D:7      | Reached skill level 5 in Shields
  9832 | D:7      | Found a radiant altar of Vehumet.
  9838 | D:7      | Became a worshipper of Vehumet
 10189 | D:7      | Learned a level 5 spell: Fireball
 10207 | D:7      | Reached skill level 1 in Fire Magic
 10483 | D:7      | Reached skill level 1 in Fighting
 11110 | D:8      | Found a shimmering blue altar of Sif Muna.
 11216 | D:8      | Reached * piety under Vehumet
 11216 | D:8      | Offered knowledge of Foxfire by Vehumet.
 11254 | D:8      | Reached skill level 10 in Air Magic
 11258 | D:8      | Found a white marble altar of Elyvilon.
 11822 | D:8      | Identified the +8 short sword "Ulel" {elec, Fly rN+ MP+9}
 12119 | D:8      | Reached XP level 11. HP: 57/57 MP: 22/22
 12130 | D:8      | Reached skill level 1 in Short Blades
 12133 | D:8      | Found a broken altar of Ashenzari.
 12295 | D:8      | Learned a level 7 spell: Orb of Destruction
 12328 | D:9      | Found a staircase to the Lair.
 12362 | D:9      | HP: 2/58 [komodo dragon (18)]
 12572 | D:9      | Noticed a two-headed ogre
 12608 | D:9      | Killed a two-headed ogre
 12736 | D:9      | Offered knowledge of Scorch by Vehumet.
 12743 | D:9      | Reached ** piety under Vehumet
 12751 | D:9      | Reached skill level 5 in Fire Magic
 12998 | D:9      | Noticed a two-headed ogre
 13025 | D:9      | Killed a two-headed ogre
 13315 | D:9      | Found a staircase to the Orcish Mines.
 13331 | D:9      | Offered knowledge of Inner Flame by Vehumet.
 13343 | D:9      | Learned a level 3 spell: Inner Flame
 13715 | D:9      | Found a sacrificial altar of Ru.
 13971 | D:10     | Entered Level 10 of the Dungeon
 14304 | D:10     | Reached *** piety under Vehumet
 14952 | D:10     | Noticed a two-headed ogre
 14969 | D:10     | Killed a two-headed ogre
 15085 | D:10     | Noticed a two-headed ogre
 15089 | D:10     | Killed a two-headed ogre
 15137 | D:10     | HP: 3/60 [troll (8)]
 15137 | D:10     | Mangled by a troll

Illustrated notes

Levels and vault maps discovered:
D:1:      shiori_arrival_oz, layout_loops_ring, serial_glass, glass_columns_b,
          glass_columns_b, hangedman_decor_growths, st_stairs_9
D:2:      layout_basic, serial_shops, shop, minivault_19,
          minmay_misc_feat_roman, minmay_misc_feat_five,
          uniq_crazy_yiuf_cottage, uniq_jessica
D:3:      layout_loops_ring, mainiacjoe_overflow_tiny_flanked,
          nemelex_spade_bored_becter, dreamdust_ecumenical_altar_grove
D:4:      layout_basic, guppyfry_shop_venom, uniq_pikel, uniq_sigmund, uniq_ijyb
D:5:      layout_gridville, mainiacjoe_overflow_24_doors, lemuel_crystal_altar
D:6:      layout_basic, lemuel_round_altar, minmay_temple_entry_purple_smoke,
          st_stairs_10, minmay_fractal_squares_diagonal_5, uniq_menkaure
D:7:      minmay_the_grid_octo_tiled_squarecenter [minmay_the_grid_octo_focus,
          minmay_the_grid_octo_tetromino_candy, minmay_the_grid_octo_toaster,
          minmay_the_grid_octo_checkerflower,
          minmay_the_grid_square_5x5_megaprize_hollow,
          minmay_the_grid_square_5x5_detours,
          minmay_the_grid_square_5x5_bracketed,
          minmay_the_grid_square_5x5_forky,
          minmay_the_grid_square_5x5_three_small], layout_loops_cross,
          lemuel_round_altar, nicolae_overflow_squiral,
          nicolae_wooded_promenade, st_stairs_6
D:8:      layout_rooms, elyvilon_altar_5, lemuel_round_altar,
          mainiacjoe_overflow_alcove_2, serial_glass, glass_columns_a,
          glass_columns_b, grunt_ministairs_9, kennysheep_generic_room_16
D:9:      layout_basic, nicolae_ru_the_path_less_chosen, david_lair_shrubbed,
          hiddenorc2_lemuel
D:10:     layout_basic, st_stairs_12
Temple:   nicolae_temple_two_arcs

Skill      XL: |  1  2  3  4  5  6  7  8  9 10 11 |
---------------+----------------------------------+-----
Spellcasting   | 3 4 5 6 7 |  7.7
Conjurations   | 6 7 8 9 10 11 | 11.6
Air Magic      | 2 5 6 8 10 11 | 11.8
Poison Magic   | 1 3 4 5 6 7 |  7.1
Shields        | 1 4 5 |  5.0
Fire Magic     | 3 6 |  6.3
Fighting       | 2 3 |  3.8
Short Blades   | 3 |  3.0
Dodging        | |  2.1
Stealth        | |  2.0

Action                   |  1- 3 |  4- 6 |  7- 9 | 10-12 || total
-------------------------+-------+-------+-------+-------++-------
Melee: Spear             |     4 |       |       |       ||     4
       Whip              |       |     9 |    21 |    38 ||    68
       Kick              |       |     1 |     5 |    57 ||    63
       Peck              |       |       |     3 |    35 ||    38
       Short sword       |       |       |       |   132 ||   132
       Staff             |       |       |       |     4 ||     4
 Cast: Magic Dart        |    28 |     3 |     3 |     3 ||    37
       Searing Ray       |    13 |    51 |    53 |    56 ||   173
       Poisonous Vapours |       |       |    51 |    84 ||   135
       Fireball          |       |       |       |    16 ||    16
       Inner Flame       |       |       |       |     4 ||     4
  Use: Scroll            |       |       |     8 |     5 ||    13
       Potion            |       |       |       |     2 ||     2
Armor: Robe              |       |     5 |     9 |    65 ||    79
Dodge: Dodged            |    17 |    43 |    76 |   193 ||   329
Block: Buckler           |       |       |    12 |    67 ||    79
